 Seeded DCSS version 0.29.1-15-g9cfb28693d (webtiles) character file.

Game seed: 6279725465790686602 (custom seed)

1506 bmack86 the Cleaver (level 8, -1/73 (78) HPs)
             Began as a Minotaur Fighter on Apr 20, 2023.
             Slain by a wight
             ... wielding a +3 spear
              (4 damage)
             ... on level 6 of the Dungeon.
             The game lasted 00:08:14 (4008 turns).

bmack86 the Cleaver (Minotaur Fighter)              Turns: 4008, Time: 00:08:14

HP:   -1/73 (78)    AC: 14    Str: 23    XL:     8   Next: 52%
MP:   7/7           EV:  8    Int:  5    God:
Gold: 289           SH:  6    Dex: 10    Spells: 7/7 levels left

rFire   . . .      SeeInvis .   a - +0 war axe
rCold   . . .      Faith    .   c - +0 buckler
rNeg    . . .      Spirit   .   m - +0 chain mail
rPois   .          Reflect  .   o - +2 hat
rElec   .          Harm     .   (no cloak)
rCorr   .          Rampage  .   g - +0 pair of gloves
Will    .....                   (no boots)
Stlth   ..........              n - amulet of regeneration
HPRegen 1.02/turn               (no ring)
MPRegen 0.10/turn               (no ring)

@: drained
A: horns 2, retaliatory headbutt
a: no special abilities


You were on level 6 of the Dungeon.
You visited 1 branch of the dungeon, and saw 6 of its levels.

You collected 289 gold pieces.

Inventory:

Hand Weapons
 a - a +0 war axe (weapon)
Missiles
 f - 4 boomerangs (quivered)
 j - 2 javelins
 u - 3 poisoned darts
Armour
 b - a +0 scale mail
 c - a +0 buckler (worn)
 g - a +0 pair of gloves (worn)
 m - a +0 chain mail (worn)
 o - a +2 hat (worn)
Jewellery
 n - an amulet of regeneration (around neck)
Wands
 r - a wand of paralysis (13)
Scrolls
 e - 2 scrolls of teleportation
 t - a scroll of noise
 w - a scroll of fear
 y - a scroll of amnesia {unknown}
 z - a scroll of summoning {unknown}
Potions
 d - 3 potions of might
 h - a potion of curing
 i - a potion of berserk rage
 k - 3 potions of heal wounds
 l - a potion of invisibility
 p - a potion of magic {unknown}
 q - a potion of attraction {unknown}
 s - 2 potions of mutation {unknown}
 v - a potion of flight {unknown}
 x - a potion of brilliance {unknown}


   Skills:
 + Level 9.0 Fighting
 * Level 11.7 Axes
 + Level 2.1 Throwing
 + Level 8.9 Armour
 + Level 9.0 Shields


You had 7 spell levels left.
You didn't know any spells.
Your spell library was empty.

Dungeon Overview and Level Annotations

Branches:
Dungeon (7/15)
 Temple: D:4-7

Altars:
Dithmenos
Fedhas
Qazlal
Xom
Zin

Shops:
D:1 [   D:3 *


Innate Abilities, Weirdness & Mutations

You have a pair of horns on your head.
You reflexively headbutt those who attack you in melee.


Message History

You feel drained. The wight freezes you.
The ice beast hits you but does no damage.
You slash the wight!
You destroy the wight!
You hit the wight but do no damage. You slash the ice beast!
The wight barely misses you. The wight hits you but does no damage.
The wight hits you from afar with a +3 spear.
The ice beast barely misses you.
Your Shields skill increases to level 9!
You hit the wight but do no damage.
The wight is heavily damaged.
You hit the ice beast. You hit the wight but do no damage.
Unknown command.
You hit the wight.
The wight is severely damaged.
You hit the ice beast. You barely miss the wight. You block the wight's attack.
The wight barely misses you. The wight hits you but does no damage.
You block the wight's attack. The ice beast barely misses you.
Unknown command.
You slash the wight!
You destroy the wight!
You hit the ice beast. You slash the wight! You block the wight's attack.
The wight hits you but does no damage. The wight barely misses you.
The ice beast barely misses you.
Unknown command.
You slash the wight!
You destroy the wight!
You hit the ice beast. The wight hits you but does no damage.
The wight hits you from afar with a +3 spear.
You feel drained. The ice beast hits you. The ice beast freezes you!
* * * LOW HITPOINT WARNING * * *
The ice beast attacks as you move away! The ice beast hits you.
* * * LOW HITPOINT WARNING * * *
The ice beast freezes you!
* * * LOW HITPOINT WARNING * * *
Found 7 stones.
The wight closely misses you. You furiously retaliate!
You headbutt the wight! The wight hits you with a +3 spear!
* * * LOW HITPOINT WARNING * * *
You feel drained.
You die...

...... ## .....( .###
...... ...# ...$..# ...#
....... ...# #.. .......
... #... .......##.##.#
####..#.
.....:z@).##.####.......
......z#)Y##...#........
...#...)(......>........
.......)................
####...)...............
###..........#........
#......†..............
#..#....†.....#..##....
..##..........#......##


You could see an ice beast and 2 wights.

Vanquished Creatures
  Grinder (D:3)
  2 water moccasins
  A scorpion (D:6)
  3 wights (D:6)
  A gnoll bouda (D:6)
  4 iguanas
  2 orc wizards (D:4)
  2 adders
  9 gnolls
  A shadow imp (D:7)
  An ufetubus (D:6)
  3 worms
  2 dart slugs
  5 orcs
  8 endoplasms
  2 giant cockroaches (D:3)
  11 goblins
  11 hobgoblins
  4 jackals (D:3)
  7 quokkas
  5 ball pythons
  7 bats
  4 frilled lizards
  3 kobolds
  2 rats
101 creatures vanquished.

Notes
Turn   | Place    | Note
-------+----------+-------------------------------------------
     0 | D:1      | bmack86 the Minotaur Fighter began the quest for the Orb.
     0 | D:1      | Reached XP level 1. HP: 19/19 MP: 0/0
   145 | D:1      | Found Yzuitol's Armour Boutique.
   192 | D:1      | Reached XP level 2. HP: 24/27 MP: 1/1
   296 | D:1      | Reached skill level 3 in Axes
   404 | D:1      | Reached skill level 7 in Axes
   404 | D:1      | Reached XP level 3. HP: 32/37 MP: 2/2
   639 | D:1      | Found a faded altar of an unknown god.
  1239 | D:2      | Reached XP level 4. HP: 37/44 MP: 3/3
  2054 | D:3      | Found Zin's Purification Station.
  2058 | D:3      | Found a glowing silver altar of Zin.
  2103 | D:3      | Found a shadowy altar of Dithmenos.
  2172 | D:3      | Noticed Grinder
  2187 | D:3      | Found a stormy altar of Qazlal.
  2187 | D:3      | Found a blossoming altar of Fedhas.
  2187 | D:3      | Paralysed by Grinder for 3 turns
  2199 | D:3      | Paralysed by Grinder for 3 turns
  2214 | D:3      | Killed Grinder
  2215 | D:3      | Reached skill level 1 in Throwing
  2215 | D:3      | Reached XP level 5. HP: 21/51 MP: 4/4
  2215 | D:3      | Reached XP level 6. HP: 24/58 MP: 5/5
  2508 | D:3      | Reached skill level 8 in Axes
  2811 | D:3      | Found a shimmering altar of Xom.
  3381 | D:4      | Noticed a water moccasin
  3387 | D:4      | Killed a water moccasin
  3749 | D:4      | Reached skill level 11 in Axes
  3749 | D:4      | Reached XP level 7. HP: 69/69 MP: 6/6
  3780 | D:4      | Reached XP level 8. HP: 69/77 MP: 7/7
  3818 | D:4      | You fall into a shaft and drop 3 floors!
  4008 | D:6      | HP: 3/75 [wight/+3 spear (8)]
  4008 | D:6      | Slain by a wight

Illustrated notes

Levels and vault maps discovered:
D:1:      tarquinn_simple_flora_water_d, layout_basic,
          ebering_ecumenical_altar_abandoned, serial_shops, nicolae_shop_crystal
D:2:      minmay_spotlight, layout_loops_ring, st_stairs_10, corexii_shack,
          grunt_decor_junction
D:3:      layout_basic, grunt_temple_overflow_forces_of_nature,
          nicolae_dithmenos_shadow_blocks, xom_teletrap_fun, zin_purify,
          roderic_serpentine_path, minivault_14, minmay_misc_feat_more_columns,
          minivault_23, kennysheep_nub, uniq_grinder
D:4:      layout_layer_cave, temple_fountains, hangedman_decor_push,
          feat_on_display
D:6:      layout_rooms, uniq_maggie
D:7:      layout_basic, pf_just_have_faith, mainiacjoe_overflow_divided_tiny,
          nicolae_benzene_ring, st_stairs_8, serial_park_tiny_2,
          dreamdust_princess_corridor, uniq_joseph

Skill      XL: |  1  2  3  4  5  6  7  8 |
---------------+-------------------------+-----
Axes           | 7 11 | 11.7
Fighting       | 6 8 9 |  9.0
Armour         | 6 8 |  8.9
Shields        | 6 8 9 |  9.0
Throwing       | 1 2 |  2.1

Action                   |  1- 3 |  4- 6 |  7- 9 || total
-------------------------+-------+-------+-------++-------
Melee: War axe           |    57 |    84 |    44 ||   185
       Headbutt          |     8 |    11 |     8 ||    27
  Use: Potion            |     1 |     1 |       ||     2
       Scroll            |     2 |     9 |       ||    11
Armor: Scale mail        |    31 |       |       ||    31
       Chain mail        |     5 |    45 |    34 ||    84
Dodge: Dodged            |    31 |    29 |    23 ||    83
Block: Buckler           |     9 |    14 |    27 ||    50
